 Dungeon Crawl Stone Soup version 0.30-a0-728-gc68057be0a (webtiles) character file.

Game seed: 10807464867781138274

33484 browni3141 the Geomancer (level 14, -4/108 HPs)
             Began as a Human Earth Elementalist on Jan 30, 2023.
             Was an Elder of Kikubaaqudgha.
             Slain by an eight-headed hydra (10 damage)
             ... on level 2 of the Lair of Beasts.
             The game lasted 01:05:20 (20692 turns).

browni3141 the Geomancer (HuEE)                    Turns: 20692, Time: 01:05:21

Health: -4/108     AC:  9    Str: 11    XL:     14   Next: 8%
Magic:  4/21       EV: 17    Int: 33    God:    Kikubaaqudgha [****..]
Gold:   674        SH:  0    Dex: 18    Spells: 3/23 levels left

rFire   + + .      SeeInvis .    a - +2 short sword (venom)
rCold   x . .      Faith    .    (no shield)
rNeg    . . .      Spirit   .    V - +2 troll leather armour {Snorg}
rPois   .          Reflect  .    I - +0 helmet of Inference {Int+5}
rElec   +          Harm     .    (no cloak)
rCorr   +          Rampage  .    W - +0 pair of gloves {Str+3}
Will    ++...                    h - +0 pair of boots
Stlth   ++++                     E - amulet of regeneration
HPRegen 1.98/turn                n - ring "Meihea" {rF+ Will+ rCorr Int+4}
MPRegen 0.17/turn                A - ring "Vegaen" {Fire rElec Int+4 Dex+3}

@: no status effects
A: no striking features
a: Renounce Religion, Unearth Wretches


You were on level 2 of the Lair of Beasts.
You worshipped Kikubaaqudgha.
Kikubaaqudgha was greatly pleased with you.
You visited 3 branches of the dungeon, and saw 14 of its levels.
You also visited: Ossuary, Bailey, Gauntlet and Volcano.

You collected 1599 gold pieces.
You spent 925 gold pieces at shops.

Inventory:

Hand Weapons
 a - a +2 short sword of venom (weapon)
 b - the +6 short sword of Habbor {heavy, rN++}
   (You took it off a minotaur in a Gauntlet)

   rN:        It greatly protects you from negative energy.
 e - a +2 short sword of holy wrath
Missiles
 f - 7 throwing nets
 l - 46 poisoned darts
Armour
 h - a +0 pair of boots (worn)
 i - a +2 leather armour of cold resistance
 y - a +2 kite shield of fire resistance
 I - the +0 helmet of Inference (worn) {Int+5}
   (You found it in a Gauntlet)

   Int:       It affects your intelligence (+5).
 V - a +2 troll leather armour (worn) {Snorg}
 W - a +0 pair of gloves of strength (worn)
Jewellery
 m - a ring of ice
 n - the ring "Meihea" (left hand) {rF+ Will+ rCorr Int+4}
   (You acquired it on level 2 of the Lair of Beasts)

   [ring of willpower]

   Int:       It affects your intelligence (+4).
   rF:        It protects you from fire.
   rCorr:     It protects you from acid and corrosion.
   Will:      It increases your willpower.
 r - a ring of poison resistance
 A - the ring "Vegaen" (right hand) {Fire rElec Int+4 Dex+3}
   (You acquired it on level 9 of the Dungeon)

   [ring of fire]

   It enhances your fire magic.
   Int:       It affects your intelligence (+4).
   Dex:       It affects your dexterity (+3).
   rF:        It protects you from fire.
   rC:        It makes you vulnerable to cold.
   rElec:     It insulates you from electricity.
 E - an amulet of regeneration (around neck)
 G - a +6 ring of strength
 O - a ring of see invisible
 Y - a +4 ring of slaying
 Z - the ring "Zautzocw" {Fly EV+5}
   (You found it in a Gauntlet)

   [ring of evasion]

   EV:        It affects your evasion (+5).
   Fly:       It grants you flight.
Wands
 g - a wand of flame (37)
 M - a wand of polymorph (4)
 N - a wand of iceblast (6)
 Q - a wand of mindburst (9)
 U - a wand of quicksilver (10)
Scrolls
 k - 11 scrolls of noise
 p - 2 scrolls of fear
 q - a scroll of silence
 s - a scroll of poison
 t - a scroll of amnesia
 u - 3 scrolls of teleportation
 w - a scroll of torment
 C - 6 scrolls of immolation
 D - 2 scrolls of enchant armour
 H - 2 scrolls of fog
 J - a scroll of brand weapon
 R - 3 scrolls of blinking
 T - a scroll of vulnerability
 X - a scroll of magic mapping {unknown}
Potions
 c - 2 potions of haste
 d - 10 potions of curing
 j - 5 potions of cancellation
 o - 7 potions of brilliance
 v - 3 potions of lignification
 x - 3 potions of ambrosia
 z - 3 potions of flight
 B - 2 potions of resistance {unknown}
 F - 7 potions of mutation
 K - 2 potions of invisibility {unknown}
 L - 4 potions of heal wounds
 P - a potion of attraction {unknown}
 S - 4 potions of magic


   Skills:
 * Level 9.5 Fighting
 * Level 8.2 Short Blades
 - Level 10.0 Dodging
 - Level 9.0 Stealth
 - Level 5.0 Spellcasting
 - Level 3.0 Conjurations
 * Level 3.1 Necromancy
 - Level 6.0 Transmutations
 - Level 12.0 Earth Magic
 - Level 4.0 Evocations


You had 3 spell levels left.
You knew the following spells:

 Your Spells              Type           Power      Damage    Failure   Level
a - Sandblast             Erth           100%       2d20      1%          1
b - Passwall              Tmut/Erth      50%        N/A       1%          2
c - Stone Arrow           Conj/Erth      100%       3d13      1%          3
d - Petrify               Tmut/Erth      61%        N/A       1%          4
e - Lee's Rapid Deconstr  Erth           36%        3d18*     1%          5
f - Borgnjor's Vile Clut  Necr/Erth      27%        N/A       8%          5

Your spell library contained the following spells:

 Spells                   Type           Power      Damage    Failure   Level
 Necrotise                Necr           100%       1d9       1%          1
 Sublimation of Blood     Necr           29%        N/A       2%          2
 Vampiric Draining        Necr           29%        2d8       5%          3
 Summon Small Mammal      Summ           32%        N/A       6%          1
 Call Canine Familiar     Summ           8%         N/A       19%         3
 Ozocubu's Armour         Ice            8%         N/A       19%         3
 Summon Guardian Golem    Hex/Summ       8%         N/A       19%         3
 Leda's Liquefaction      Hex/Erth       23%        N/A       5%          4
 Animate Dead             Necr           29%        N/A       17%         4
 Statue Form              Tmut/Erth      40%        N/A       24%         6
 Anguish                  Hex/Necr       9%         N/A       32%         4
 Agony                    Necr           29%        N/A       43%         5
 Airstrike                Air            4%         2d(1-17)  52%         4
 Summon Lightning Spire   Summ/Air       8%         N/A       52%         4
 Lightning Bolt           Conj/Air       9%         1d21      67%         5
 Metabolic Englaciation   Hex/Ice        4%         N/A       86%         5
 Simulacrum               Ice/Necr       9%         N/A       99%         6


Dungeon Overview and Level Annotations

Branches:
Dungeon (11/15)            Temple (1/1) D:5            Lair (2/5) D:11
 Shoals (0/4) Lair:2          Orc (0/2) D:11        Ossuary (visited)
 Bailey (visited)         Volcano (visited)         Gauntlet (visited)
  Snake: Lair:2-3    Spider: Lair:2-3

Altars:
Ashenzari
Cheibriados
Dithmenos
Elyvilon
Fedhas
Gozag
Hepliaklqana
Kikubaaqudgha
Makhleb
Nemelex Xobeh
Okawaru
Qazlal
Ru
Sif Muna
Trog
Uskayaw
Vehumet
Wu Jian
Xom
Yredelemnul
Zin
The Shining One

Shops:
D:2 [   D:5 (*(   D:7 (   D:9 !

Annotations:
D:10 2 transporters, karrick's ghost, journeyman GrFi


Message History

Confirm with . or Enter, or press ? or * to list all spells.
Aiming: Borgnjor's Vile Clutch (dangerous; 8% risk of failure)
Press: ? - help, Shift-Dir - straight line, f/p - eight-headed hydra
Aim: an eight-headed hydra (100% to hit)
Zombie hands grab the eight-headed hydra.
The zombie hands constrict the eight-headed hydra!
The eight-headed hydra bites you. The eight-headed hydra bites you!
The eight-headed hydra misses you.
The eight-headed hydra bites you but does no damage.
The eight-headed hydra misses you.
The eight-headed hydra bites you but does no damage.
The eight-headed hydra bites you!
The eight-headed hydra closely misses you.
The zombie hands constrict the eight-headed hydra!
The eight-headed hydra struggles to escape constriction.
The zombie hands constrict the eight-headed hydra!
The eight-headed hydra escapes!
Okay, then.
Search for what [Enter for "cloa", or ? for help]? blink Unknown command.
Casting: Borgnjor's Vile Clutch (dangerous; 8% risk of failure)
Confirm with . or Enter, or press ? or * to list all spells.
Aiming: Passwall (safe; 1% risk of failure)
Press: ? - help, Dir - move target, p - eight-headed hydra A rock wall.
You begin to meditate on the wall.
You continue meditating on the rock.
The eight-headed hydra bites you! The eight-headed hydra misses you.
The eight-headed hydra bites you.
The eight-headed hydra barely misses you.
The eight-headed hydra misses you. The eight-headed hydra bites you! x3
You continue meditating on the rock.
The eight-headed hydra bites you!
* * * LOW HITPOINT WARNING * * *
The eight-headed hydra bites you!
* * * LOW HITPOINT WARNING * * *
The eight-headed hydra bites you!
* * * LOW HITPOINT WARNING * * *
The eight-headed hydra bites you!
You die...
Kikubaaqudgha rasps: "You have failed me!
Welcome... death!"

...#...#..#..##..P# ##....### #
.....###....###..## #.....######
#.........###....# ##......#..#
.#.......##....P.######..........
..#....##........#..#.#..........
........†......P........†........
......#...............###.#.#P...
......#†##..##.#......# #######..
......+†+......#@.....## #..
........#.P..#.#D.....P# #~..
........#.P.#..#......## ~~~~~
......#........#......# ~≈~~~
........####P.#.......# ≈#####
.............)........# ≈##...#
......................# #~~#†....
##.P....##.#.#........###~≈#..>..
#.#..................##~~≈#.....


You could see an eight-headed hydra.

Vanquished Creatures
  A minotaur (Gauntlet)
  A red draconian (Volcano)
  Snorg (D:10)
  Harold (D:11)
  A hydra (Lair:2)
  A catoblepas (Lair:1)
  4 two-headed ogres
  Urug (D:11)
  A salamander mystic (Volcano)
  Lodul (D:9)
  A lindwurm (Lair:1)
  A necromancer (Gauntlet)
  4 salamanders (Volcano)
  A black mamba (Lair:2)
  A gargoyle (Bailey)
  2 cane toads
  2 unseen horrors
  2 molten gargoyles (Volcano)
  A komodo dragon (Lair:1)
  3 rime drakes
  3 unseen horror zombies (D:9)
  2 minotaur zombies (Gauntlet)
  A troll (D:11)
  A hornet (D:10)
  10 blink frogs
  Prince Ribbit (D:6)
  A snapping turtle (Lair:2)
  11 flying skulls (Gauntlet)
  A slime creature (Gauntlet)
  Sigmund (D:4)
  2 vampires
  A wyvern (Lair:2)
  A wraith (D:9)
  2 fire bats (Volcano)
  26 yaks
  2 steam dragons
  5 vampire mosquitoes
  2 acid dragons (D:11)
  Duvessa (D:6)
  6 water moccasins
  6 orc warriors
  A sky beast (D:8)
  2 black bears
  7 ice beasts (D:11)
  9 ogres
  5 wolves
  6 centaurs
  2 phantoms
  A necrophage (D:5)
  4 kobold brigands
  7 bullfrogs
  2 scorpions
  2 gnoll sergeants
  Blork the orc (D:6)
  4 wights (D:10)
  Dowan (D:6)
  7 killer bees
  13 howler monkeys
  An electric eel (Lair:2)
  7 vampire bats (Bailey)
  4 wolf zombies (Bailey)
  7 lava snakes (Volcano)
  3 centaur zombies (D:9)
  4 orc priests
  2 gnoll boudas
  A hound (D:5)
  2 jellies
  2 iguanas
  23 orc wizards
  3 mummies (Ossuary)
  4 howler monkey zombies (D:9)
  21 gnolls
  9 adders
  3 ufetubi
  3 worms
  37 orcs
  5 ball pythons
  4 bats
  5 endoplasms
  2 giant cockroaches
  6 goblins
  5 hobgoblins
  3 jackals (D:2)
  5 quokkas
  5 frilled lizards
  4 goblin zombies (Ossuary)
  A hobgoblin zombie (Ossuary)
  26 kobolds
  A kobold zombie (Ossuary)
  20 orc zombies
  3 rats
  A toadstool (D:6)
423 creatures vanquished.

Vanquished Creatures (others)
  A water moccasin (D:7)
  An orc priest (D:8)
  14 demonic plants (Gauntlet)
  4 fungi
  2 plants
  3 toadstools (D:6)
25 creatures vanquished.

Grand Total: 448 creatures vanquished

Notes
Turn   | Place    | Note
-------+----------+-------------------------------------------
     0 | D:1      | browni3141 the Human Earth Elementalist began the quest for
                  | the Orb.
     0 | D:1      | Reached XP level 1. HP: 13/13 MP: 3/3
   111 | D:1      | Reached skill level 1 in Fighting
   175 | D:1      | Reached XP level 2. HP: 21/21 MP: 0/5
   453 | D:1      | Found a faded altar of an unknown god.
   652 | D:1      | Reached XP level 3. HP: 27/27 MP: 1/6
  1017 | D:2      | Reached XP level 4. HP: 29/33 MP: 2/7
  1140 | D:2      | Found an iron altar of Okawaru.
  1169 | D:2      | Found Yshra Gyng's Antique Armour Emporium.
  1706 | D:3      | Reached skill level 4 in Earth Magic
  1875 | D:3      | Reached XP level 5. HP: 38/38 MP: 5/8
  1944 | D:3      | Identified the +0 robe "Dilaamm" {+Inv SInv}
  2751 | D:4      | Reached skill level 5 in Earth Magic
  2758 | D:4      | Reached XP level 6. HP: 29/46 MP: 1/9
  3051 | D:4      | Noticed an ogre
  3061 | D:4      | Killed an ogre
  3062 | D:4      | Reached skill level 1 in Evocations
  3113 | D:4      | Noticed Sigmund
  3118 | D:4      | Killed Sigmund
  3119 | D:4      | Reached XP level 7. HP: 44/52 MP: 8/10
  3435 | D:4      | Identified the +0 ring mail of the Earth {Dex+6}
  3573 | D:4      | Learned a level 2 spell: Passwall
  3577 | D:4      | Learned a level 3 spell: Stone Arrow
  3582 | D:4      | Learned a level 4 spell: Petrify
  3626 | D:5      | Entered Level 5 of the Dungeon
  3769 | D:5      | Reached XP level 8. HP: 43/60 MP: 6/11
  3788 | D:5      | Reached skill level 1 in Conjurations
  4114 | D:5      | Found a blossoming altar of Fedhas.
  4330 | D:5      | Found Ocvyix's General Store.
  4345 | D:5      | Bought a scroll of teleportation for 33 gold pieces
  4345 | D:5      | Bought a scroll of immolation for 44 gold pieces
  4369 | D:5      | Found Xoupruv's Weapon Shoppe.
  4423 | D:5      | Found a staircase to the Ecumenical Temple.
  4489 | D:5      | Found Yhits's Weapon Shop.
  4637 | D:5      | Found an opulent altar of Gozag.
  4637 | D:5      | Found a shadowy altar of Dithmenos.
  4707 | D:6      | Noticed Duvessa
  4708 | D:6      | Noticed Dowan
  4888 | D:6      | Killed Duvessa
  4889 | D:6      | Reached skill level 5 in Stealth
  4890 | D:6      | Killed Dowan
  4984 | D:6      | Reached XP level 9. HP: 29/65 MP: 3/12
  5051 | D:6      | Found a sand-covered staircase.
  5114 | Ossuary  | Entered an ossuary
  5645 | D:6      | Noticed Blork the orc
  5650 | D:6      | Killed Blork the orc
  5683 | D:6      | Found a shimmering blue altar of Sif Muna.
  5733 | D:6      | Noticed Prince Ribbit
  5738 | D:6      | Killed Prince Ribbit
  5739 | D:6      | Reached skill level 6 in Earth Magic
  5884 | D:6      | Reached skill level 5 in Dodging
  6690 | D:7      | Found Epluno's Weapon Shop.
  6936 | D:7      | Identified a scroll of acquirement
  7171 | D:8      | Reached XP level 10. HP: 71/71 MP: 10/13
  7181 | D:8      | Found a glowing golden altar of the Shining One.
  7265 | D:8      | Found a flagged portal.
  7274 | Bailey   | Entered a bailey
  7595 | Bailey   | Noticed a gargoyle
  7609 | Bailey   | Killed a gargoyle
  8323 | Bailey   | Identified the +1 chain mail of Time Monsters {Int+4}
 10370 | D:8      | Reached skill level 1 in Short Blades
 10712 | Temple   | Entered the Ecumenical Temple
 10716 | Temple   | Became a worshipper of Kikubaaqudgha
 11225 | D:9      | Reached XP level 11. HP: 77/77 MP: 14/14
 11308 | D:9      | Found a basalt altar of Yredelemnul.
 11363 | D:9      | Found Boing's Distillery.
 11366 | D:9      | Noticed a two-headed ogre
 11388 | D:9      | Noticed a two-headed ogre
 11611 | D:9      | Killed a two-headed ogre
 11628 | D:9      | Reached skill level 7 in Earth Magic
 11704 | D:9      | Killed a two-headed ogre
 11735 | D:9      | Bought a potion of heal wounds for 75 gold pieces
 12080 | D:10     | Entered Level 10 of the Dungeon
 12572 | D:10     | Reached * piety under Kikubaaqudgha
 12572 | D:10     | Received a gift from Kikubaaqudgha
 12576 | D:10     | Found a transporter.
 12597 | D:10     | Noticed a two-headed ogre
 12636 | D:10     | Noticed Lodul
 12736 | D:9      | Acquired the ring "Vegaen" {Fire rElec Int+4 Dex+3}
 12765 | D:9      | Reached skill level 10 in Dodging
 13393 | D:10     | Reached skill level 5 in Transmutations
 13414 | D:10     | Reached skill level 8 in Earth Magic
 13533 | D:10     | Found a transporter.
 13540 | D:10     | Noticed karrick's ghost (journeyman GrFi)
 13664 | D:10     | Killed a two-headed ogre
 13757 | D:10     | Reached ** piety under Kikubaaqudgha
 13872 | D:10     | Reached skill level 9 in Earth Magic
 14105 | D:10     | Reached XP level 12. HP: 83/83 MP: 10/15
 14154 | D:10     | Noticed Snorg
 14309 | D:10     | Killed Snorg
 14412 | D:10     | Reached skill level 10 in Earth Magic
 14838 | D:9      | Found Boing's Distillery.
 14935 | D:9      | Killed Lodul
 14936 | D:9      | Reached skill level 5 in Fighting
 15128 | D:9      | Found a basalt altar of Yredelemnul.
 15378 | D:5      | Bought a book of the Earth for 396 gold pieces
 15384 | D:5      | Learned a level 5 spell: Lee's Rapid Deconstruction
 15473 | D:2      | Bought a pair of runed gloves for 195 gold pieces
 15478 | D:2      | Bought an ichor-stained leather armour for 182 gold pieces
 15478 | D:2      | Identified the +0 leather armour of Temperance {Will+} (You
                  | bought it in a shop on level 2 of the Dungeon)
 15647 | D:11     | Noticed a two-headed ogre
 15801 | D:11     | Found a gate leading to a gauntlet.
 15845 | Gauntlet | Entered a Gauntlet
 15845 | Gauntlet | Found a transporter.
 15954 | Gauntlet | Found a transporter.
 15964 | Gauntlet | Found a transporter.
 15966 | Gauntlet | Noticed a ghost crab
 15969 | Gauntlet | Found a transporter.
 15973 | Gauntlet | Noticed a hell beast
 15988 | Gauntlet | Found a transporter.
 16003 | Gauntlet | Found a transporter.
 16015 | Gauntlet | Found a transporter.
 16018 | Gauntlet | Noticed a fire crab
 16033 | Gauntlet | Found a transporter.
 16039 | Gauntlet | Found a transporter.
 16044 | Gauntlet | Found a large runed translucent door.
 16045 | Gauntlet | Found a large runed translucent door.
 16046 | Gauntlet | Found a large runed translucent door.
 16046 | Gauntlet | Found a large runed translucent door.
 16047 | Gauntlet | Found a runed translucent gate.
 16048 | Gauntlet | Found a transporter.
 16048 | Gauntlet | Found a runed translucent gate.
 16049 | Gauntlet | Found a runed translucent gate.
 16050 | Gauntlet | Found a large runed translucent door.
 16050 | Gauntlet | Found a large runed translucent door.
 16050 | Gauntlet | Found a runed translucent door.
 16050 | Gauntlet | Found a runed translucent door.
 16051 | Gauntlet | Found a large runed translucent door.
 16052 | Gauntlet | Found a large runed translucent door.
 16054 | Gauntlet | Found a transporter.
 16054 | Gauntlet | Found a transporter.
 16059 | Gauntlet | Found a large runed translucent door.
 16059 | Gauntlet | Found a large runed translucent door.
 16060 | Gauntlet | Found a large runed translucent door.
 16061 | Gauntlet | Found a large runed translucent door.
 16069 | Gauntlet | Found a transporter.
 16086 | Gauntlet | Found a transporter.
 16100 | Gauntlet | Found a large runed translucent door.
 16101 | Gauntlet | Found a large runed translucent door.
 16102 | Gauntlet | Found a large runed translucent door.
 16102 | Gauntlet | Found a large runed translucent door.
 16106 | Gauntlet | Found a transporter.
 16131 | Gauntlet | Found a transporter.
 16135 | Gauntlet | Found a transporter.
 16157 | Gauntlet | Found a transporter.
 16494 | Gauntlet | Identified the ring "Zautzocw" {Fly EV+5}
 16565 | Gauntlet | Reached skill level 11 in Earth Magic
 16627 | Gauntlet | Identified the +0 helmet of Inference {Int+5}
 16754 | Gauntlet | Identified the +6 short sword of Habbor {heavy, rN++}
 16754 | Gauntlet | Noticed a minotaur
 16766 | Gauntlet | Killed a minotaur
 16808 | Gauntlet | Reached skill level 12 in Earth Magic
 17012 | D:11     | Reached *** piety under Kikubaaqudgha
 17012 | D:11     | Received a gift from Kikubaaqudgha
 17148 | D:11     | Noticed a two-headed ogre
 17158 | D:11     | Killed a two-headed ogre
 17159 | D:11     | Reached XP level 13. HP: 95/95 MP: 12/16
 17328 | D:11     | Reached skill level 5 in Short Blades
 17377 | D:11     | Noticed Urug
 17380 | D:11     | Noticed Harold
 17396 | D:11     | Killed Urug
 17456 | D:11     | Killed Harold
 17749 | D:11     | Found a staircase to the Lair.
 18071 | D:11     | Found a staircase to the Orcish Mines.
 18208 | Lair:1   | Entered Level 1 of the Lair of Beasts
 18447 | Lair:1   | Found a dark tunnel.
 18520 | Volcano  | Entered a volcano
 18738 | Volcano  | Found a radiant altar of Vehumet.
 18747 | Volcano  | Reached **** piety under Kikubaaqudgha
 18936 | Volcano  | Noticed a red draconian
 18948 | Volcano  | Killed a red draconian
 19078 | Volcano  | Reached skill level 5 in Spellcasting
 19623 | Lair:1   | Noticed a catoblepas
 19663 | Lair:1   | Killed a catoblepas
 19905 | Lair:2   | Noticed a seven-headed hydra
 19931 | Lair:1   | Learned a level 5 spell: Borgnjor's Vile Clutch
 19953 | Lair:2   | Killed a seven-headed hydra
 19954 | Lair:2   | Reached skill level 1 in Necromancy
 20261 | Lair:2   | Found a shadowy altar of Dithmenos.
 20339 | Lair:2   | Reached XP level 14. HP: 108/108 MP: 18/21
 20584 | Lair:2   | Acquired the ring "Meihea" {rF+ Will+ rCorr Int+4}
 20641 | Lair:2   | Found a staircase to the Shoals.
 20692 | Lair:2   | Slain by an eight-headed hydra

Illustrated notes

Levels and vault maps discovered:
D:1:      lemuel_arrival_behind_the_door_large, layout_loops_cross,
          dreamdust_ecumenical_altar_hidden_monk_grotto
D:2:      layout_basic, serial_shops, nicolae_diamond_shop, basic_altar
D:3:      layout_basic
D:4:      layout_basic, minmay_ruptured, uniq_sigmund
D:5:      layout_gridville, fedhas_altar_3, gammafunk_temple_overflow_elements,
          temple_statues, serial_shops, shop, nicolae_shop_advertising_works
          [nicolae_subvault_shop_adworks], nicolae_shop_hallway_plus
D:6:      layout_gridville, tgw_sif, nicolae_ossuary_entry_ruins,
          minmay_gold_behind_fungi, uniq_prince_ribbit1, uniq_duvessa,
          uniq_blork_the_orc
D:7:      layout_basic, serial_shops, shop, chequers_serial_rivers_marsh
D:8:      layout_loops_corners, mainiacjoe_overflow_paths, enter_bailey_2
D:9:      layout_cave_pools, nicolae_yredelemnul_corpse_copse, serial_shops,
          shop_statue, minmay_stone_trees_medium
D:10:     layout_gridville, gammafunk_ghost_stat_death, minmay_diced_spiral,
          uniq_lodul, uniq_snorg
D:11:     layout_cave_pools, hellmonk_lair_entry_icy, david_orc_4,
          gauntlet_entry_generic, minmay_between, uniq_harold, uniq_urug
Temple:   kb_temple_of_zot
Lair:1:   layout_roguey, nicolae_volcano_entry_vermiform
Lair:2:   layout_chaotic_city, minmay_shoals_entry_hut, basic_altar,
          serial_bayou_pond_e, grunt_megastairs_2

Skill      XL: |  1  2  3  4  5  6  7  8  9 10 11 12 13 14 |
---------------+-------------------------------------------+-----
Fighting       | 1 2 3 4 6 9 |  9.5
Transmutations | 2 3 6 |  6.0
Earth Magic    | 4 5 6 9 12 | 12.0
Stealth        | 3 4 5 8 9 |  9.0
Evocations     | 2 3 4 |  4.0
Conjurations   | 2 3 |  3.0
Dodging        | 3 5 9 10 | 10.0
Short Blades   | 2 4 8 |  8.2
Spellcasting   | 5 |  5.0
Necromancy     | 2 3 |  3.1

Action                     |  1- 3 |  4- 6 |  7- 9 | 10-12 | 13-15 || total
---------------------------+-------+-------+-------+-------+-------++-------
  Melee: Unarmed           |     2 |       |       |       |       ||     2
         Dagger            |       |    35 |    25 |       |       ||    60
         Punch             |       |     2 |     2 |     6 |     4 ||    14
         Short sword       |       |       |    92 |   377 |   156 ||   625
   Cast: Sandblast         |    30 |    61 |   128 |   287 |   105 ||   611
         Stone Arrow       |       |       |     3 |    10 |     2 ||    15
         Petrify           |       |       |       |    37 |    19 ||    56
         Passwall          |       |       |       |     6 |     1 ||     7
         Lee's Rapid Decon |       |       |       |     7 |    11 ||    18
         Borgnjor's Vile C |       |       |       |       |     2 ||     2
  Evoke: Wand              |       |     7 |     7 |     7 |     3 ||    24
    Use: Scroll            |     3 |     6 |     4 |    10 |     4 ||    27
         Potion            |       |     1 |     1 |     3 |       ||     5
   Stab: Petrified         |       |       |       |    35 |    23 ||    58
         Petrifying        |       |       |       |     6 |     2 ||     8
         Sleeping          |       |       |       |     4 |    15 ||    19
         Distracted        |       |       |       |     1 |       ||     1
 Armour: Robe              |     6 |     8 |     7 |       |       ||    21
         Ring mail         |       |       |    73 |   126 |       ||   199
         Troll leather arm |       |       |       |    38 |    36 ||    74
  Dodge: Dodged            |    10 |    22 |   144 |   663 |   171 ||  1010
  Block: Kite shield       |       |       |       |       |    14 ||    14

Table legend: (Time is in decaauts)
 A = Elapsed time spent in this place.
 B = Non-inter-level travel time spent in this place.
 C = Inter-level travel time spent in this place.
 D = Time resting spent in this place.
 E = Time spent auto-exploring this place.
 F = Levels seen in this place.
 G = Mean time per level.
                   A        B        C        D        E       F      G
               +--------+--------+--------+--------+--------+-----+--------+
         Total |  20884 |  19703 |   1181 |   3196 |  11393 |  18 | 1160.2 |
       Dungeon |  15780 |  14701 |   1079 |   2349 |   9030 |  11 | 1434.5 |
        Temple |    127 |    112 |     15 |      0 |     97 |   1 |  127.0 |
          Lair |   1756 |   1670 |     86 |     41 |   1044 |   2 |  878.0 |
       Ossuary |    309 |    309 |      0 |     69 |    154 |   1 |  309.0 |
        Bailey |   1136 |   1136 |      0 |    410 |    339 |   1 | 1136.0 |
       Volcano |    738 |    738 |      0 |    111 |    270 |   1 |  738.0 |
      Gauntlet |   1035 |   1035 |      0 |    216 |    459 |   1 | 1035.0 |
               +--------+--------+--------+--------+--------+-----+--------+

Top non-repeatable levels by time:
     D:8: 2682 daAuts
    D:10: 2469 daAuts
     D:9: 1976 daAuts
    D:11: 1380 daAuts
     D:6: 1283 daAuts
     D:4: 1247 daAuts
     D:5: 1161 daAuts
  Bailey: 1136 daAuts
Gauntlet: 1035 daAuts
     D:7: 1014 daAuts
  Lair:1: 964 daAuts
     D:1: 916 daAuts
     D:3: 866 daAuts
  Lair:2: 791 daAuts
     D:2: 783 daAuts
